 Dungeon Crawl Stone Soup version 0.26-a0-27-g1f0226971c (webtiles) character file.

Game seed: 1486865537799842902, levelgen mode: deterministic

3025 Lugonue the Geomancer (level 9, 0/52 HPs)
             Began as a Gargoyle Earth Elementalist on May 27, 2020.
             Was a Priest of Wu Jian.
             Slain by a manticore (13 damage)
             ... on level 7 of the Dungeon.
             The game lasted 00:18:39 (9349 turns).

Lugonue the Geomancer (Gargoyle Earth Elementalist) Turns: 9349, Time: 00:18:40

Health: 0/52       AC: 11    Str: 14    XL:     9   Next: 85%
Magic:  5/17       EV: 12    Int: 17    God:    Wu Jian [***...]
Gold:   341        SH:  0    Dex: 10    Spells: 9/19 levels left

rFire    . . .     SeeInvis +     - Unarmed
rCold    . . .     Gourm    .   (no shield)
rNeg     + . .     Faith    .   h - +0 leather armour (curse)
rPois    ∞         Spirit   .   (no helmet)
rElec    +         Reflect  .   (no cloak)
rCorr    .         Harm     .   l - +1 pair of gloves
MR       .....                  (no boots)
Stlth    ++........             (no amulet)
HPRegen  0.17/turn              a - ring of see invisible
MPRegen  0.15/turn              (no ring)

@: about to teleport
A: negative energy resistance 1, electricity resistance, unbreathing,
petrification resistance, rot immunity, AC +6
a: Wall Jump, Serpent's Lash, Renounce Religion


You were on level 7 of the Dungeon.
You worshipped Wu Jian.
Wu Jian was most pleased with you.
You were very hungry.

You visited 1 branch of the dungeon, and saw 7 of its levels.

You collected 341 gold pieces.

Inventory:

Armour
 h - a cursed +0 leather armour (worn)
 l - a +1 pair of gloves (worn)
Magical Staves
 o - an uncursed staff of earth
Jewellery
 a - a ring of see invisible (left hand)
Wands
 b - a wand of polymorph (4)
Scrolls
 f - 6 scrolls of remove curse
 j - a scroll of teleportation
 m - 4 scrolls of identify
Potions
 e - a potion of mutation
 g - a potion of haste
 k - a potion of ambrosia
Comestibles
 d - 7 rations


   Skills:
 * Level 4.5 Fighting
 + Level 0.4 Staves
 + Level 2.8 Armour
 + Level 3.6 Dodging
 - Level 2.5 Stealth
 * Level 7.5 Unarmed Combat
 + Level 5.7 Spellcasting
 + Level 1.6 Conjurations
 + Level 0.3 Necromancy
 + Level 0.7 Transmutations
 + Level 8.0 Earth Magic


You had 9 spell levels left.
You knew the following spells:

 Your Spells              Type           Power        Failure   Level  Hunger
a - Sandblast             Erth           ####..       1%          1    None
b - Passwall              Tmut/Erth      ###.....     4%          2    #......
c - Stone Arrow           Conj/Erth      ###...       7%          3    ##.....
d - Pain                  Necr           #...         14%         1    None
e - Vampiric Draining     Necr           #.........   38%         3    ##.....

Your spell library contained the following spells:

 Spells                   Type           Power        Failure   Level  Hunger
 Animate Skeleton         Necr           N/A          14%         1    None
 Lee's Rapid Deconstruct  Erth           ####......   17%         5    ######.
 Petrify                  Tmut/Erth      ###.....     26%         4    ####...
 Animate Dead             Necr           N/A          80%         4    ####...
 Agony                    Necr           #.......     98%         5    ######.


Dungeon Overview and Level Annotations

Branches:
Dungeon (7/15)
 Temple: D:4-7

Altars:
Ashenzari
Cheibriados
Trog
Uskayaw
Wu Jian
Zin
The Shining One


Innate Abilities, Weirdness & Mutations

You are resistant to torment.
Your stone body is resilient. (AC +6)
You are immune to poison.
You resist negative energy. (rN+)
You are resistant to electric shocks. (rElec)
You can survive without breathing.
You are immune to petrification.
You are immune to rotting.


Message History

Aiming: Stone Arrow (dangerous; 7% risk of failure)
Press: ? - help, Shift-Dir - straight line, f/p - manticore
Aim: a manticore (moderately wounded)
The stone arrow misses the manticore.
The manticore closely misses you.
The manticore claws you but does no damage.
The manticore claws you.
Casting: Stone Arrow (dangerous; 7% risk of failure)
Confirm with . or Enter, or press ? or * to list all spells.
Aiming: Stone Arrow (dangerous; 7% risk of failure)
Press: ? - help, Shift-Dir - straight line, f/p - manticore
Aim: a manticore (moderately wounded)
The stone arrow hits the manticore!
The manticore is heavily wounded.
The manticore bites you!
The manticore claws you but does no damage.
The manticore claws you.
* * * LOW HITPOINT WARNING * * *
As you read the scroll of teleportation, it crumbles to dust.
You feel strangely unstable. The manticore bites you!
You die...

####...#.##...#
#####.##...#
#########.##...#
#.........##..H#
#.##########...#########
#.#...........###......#
#.#......<#.### #.####.#
#.#########.# #.#<.#.###
#........@H.# #.#.......
###########.#####.#.#.....
#.##....#.......
#.##.######)#.##
####.......# #.#...
#.......##.###.#.##
#.########.....#.## #.#
#######... #.# #.#.


You could see a manticore.

Vanquished Creatures
  2 ugly things
  Grinder (D:6)
  A hippogriff (D:7)
  Menkaure (D:6)
  A water moccasin (D:6)
  A black bear (D:6)
  2 phantoms
  2 ogres
  A centaur (D:6)
  A gnoll sergeant (D:6)
  2 bullfrogs (D:6)
  4 scorpions
  2 hounds (D:4)
  A jelly (D:6)
  A bullfrog skeleton (D:4)
  A gnoll shaman (D:4)
  2 orc priests (D:4)
  Jessica (D:2)
  An orc wizard (D:4)
  4 worker ants
  17 gnolls
  2 howler monkey skeletons
  6 adders
  A shadow imp (D:7)
  3 adder skeletons
  2 adder zombies (D:6)
  A worm (D:2)
  3 dart slugs
  6 leopard geckos
  8 orcs
  2 ball pythons (D:3)
  11 bats
  6 giant cockroaches
  8 goblins
  5 hobgoblins
  19 jackals
  7 quokkas
  A ball python skeleton (D:4)
  7 frilled lizards
  15 kobolds
  A leopard gecko skeleton (D:4)
  A leopard gecko zombie (D:5)
  2 rats
166 creatures vanquished.

Notes
Turn   | Place    | Note
-------+----------+-------------------------------------------
     0 | D:1      | Lugonue the Gargoyle Earth Elementalist began the quest for
                  | the Orb.
     0 | D:1      | Reached XP level 1. HP: 10/10 MP: 3/3
   283 | D:1      | Reached skill level 4 in Earth Magic
   283 | D:1      | Reached XP level 2. HP: 14/15 MP: 1/5
   656 | D:1      | Reached XP level 3. HP: 13/19 MP: 4/6
   904 | D:1      | Reached skill level 1 in Unarmed Combat
  1252 | D:2      | Learned a level 2 spell: Passwall
  1532 | D:2      | Reached XP level 4. HP: 24/24 MP: 5/7
  1606 | D:2      | HP: 1/24 [jackal (2)]
  2007 | D:2      | Noticed Jessica
  2018 | D:2      | Killed Jessica
  2083 | D:2      | Found a faded altar of an unknown god.
  2091 | D:2      | Became a worshipper of the Wu Jian Council
  2091 | D:2      | Reached * piety under Wu Jian
  2139 | D:2      | Reached XP level 5. HP: 21/28 MP: 7/9
  2668 | D:2      | Found a faded altar of an unknown god.
  2668 | D:2      | Found a shattered altar of Ashenzari.
  2673 | D:2      | Found an ornate altar of the Wu Jian Council.
  2675 | D:2      | Found a faded altar of an unknown god.
  2676 | D:2      | Found a glowing silver altar of Zin.
  2963 | D:3      | Found a glowing golden altar of the Shining One.
  3060 | D:3      | Reached skill level 5 in Earth Magic
  3253 | D:3      | Reached ** piety under Wu Jian
  4006 | D:4      | Reached XP level 6. HP: 29/33 MP: 7/10
  4150 | D:4      | Learned a level 3 spell: Stone Arrow
  5102 | D:4      | Reached skill level 1 in Fighting
  5102 | D:4      | Reached XP level 7. HP: 10/38 MP: 4/12
  5886 | D:5      | Entered Level 5 of the Dungeon
  5894 | D:5      | Learned a level 1 spell: Pain
  5898 | D:5      | Learned a level 3 spell: Vampiric Draining
  5918 | D:4      | Reached skill level 6 in Earth Magic
  6278 | D:5      | Found a hide-covered altar of Uskayaw.
  6816 | D:6      | Reached XP level 8. HP: 39/44 MP: 14/14
  7127 | D:6      | Found a snail-covered altar of Cheibriados.
  7135 | D:6      | Noticed Menkaure
  7137 | D:6      | Reached *** piety under Wu Jian
  7146 | D:6      | Killed Menkaure
  7146 | D:6      | Reached skill level 7 in Earth Magic
  7245 | D:6      | Reached skill level 1 in Armour
  7245 | D:6      | Reached skill level 5 in Unarmed Combat
  7405 | D:6      | Noticed Grinder
  7412 | D:6      | Reached skill level 5 in Spellcasting
  7422 | D:6      | Paralysed by Grinder for 3 turns
  7449 | D:6      | Killed Grinder
  8125 | D:6      | Reached XP level 9. HP: 51/51 MP: 4/16
  8813 | D:7      | Found a bloodstained altar of Trog.
  8905 | D:7      | Noticed a green ugly thing
  9003 | D:7      | Reached skill level 1 in Conjurations
  9055 | D:7      | Noticed a manticore
  9055 | D:7      | Noticed a green ugly thing
  9079 | D:7      | Killed a purple ugly thing
  9084 | D:7      | Noticed a cyclops
  9091 | D:7      | Reached skill level 8 in Earth Magic
  9165 | D:6      | Killed a green ugly thing
  9349 | D:7      | Slain by a manticore

Illustrated notes

Levels and vault maps discovered:
D:1:      dpeg_arrival_lava_temple_mockup, layout_basic
D:2:      minmay_recursive_quarters, layout_loops_ring,
          chequers_temple_overflow_minitemple,
          chequers_ecumenical_altar_simple_redux, uniq_jessica
D:3:      layout_loops_ring, old_standard_altar, first_ration,
          chequers_serial_rivers_small_3
D:4:      layout_basic, eino_small_chamber_without_monster
D:5:      layout_basic, old_standard_altar
D:6:      layout_cave_pools, cheibriados_altar_1, uniq_menkaure, uniq_grinder
D:7:      minmay_the_grid_octo_triangle [minmay_the_grid_octo_77,
          minmay_the_grid_octo_prize_big_c, minmay_the_grid_octo_horde],
          layout_basic, lemuel_crystal_altar, kennysheep_mini,
          minmay_temple_entry_overgrown

Skill      XL: |  1  2  3  4  5  6  7  8  9 |
---------------+----------------------------+-----
Earth Magic    | 4 5 6 7 8 |  8.0
Unarmed Combat | 1 2 3 4 5 7 |  7.5
Dodging        | 2 3 |  3.6
Spellcasting   | 3 4 5 |  5.7
Fighting       | 1 3 4 |  4.5
Armour         | 1 2 |  2.8
Conjurations   | 1 |  1.6
Staves         | |  0.4
Stealth        | |  2.5
Necromancy     | |  0.3
Transmutations | |  0.7

Action                   |  1- 3 |  4- 6 |  7- 9 || total
-------------------------+-------+-------+-------++-------
Melee: Unarmed           |    71 |   317 |   269 ||   657
       Punch             |       |     1 |     3 ||     4
       Staff             |       |       |     6 ||     6
 Cast: Sandblast         |    46 |    63 |    84 ||   193
       Stone Arrow       |       |       |    38 ||    38
       Pain              |       |       |     7 ||     7
       Passwall          |       |       |     1 ||     1
Invok: Lunge             |       |    16 |    13 ||    29
       Whirlwind         |       |    36 |    37 ||    73
  Use: Potion            |       |     3 |     5 ||     8
       Scroll            |       |    11 |     6 ||    17
 Stab: Sleeping          |     2 |     3 |     2 ||     7
       Fleeing           |       |       |     2 ||     2
  Eat: Chunk             |     3 |     7 |     9 ||    19
       Ration            |       |     1 |     2 ||     3
Armor: Robe              |    42 |   134 |     6 ||   182
       Skin              |       |     4 |       ||     4
       Leather armour    |       |       |   103 ||   103
Dodge: Dodged            |    82 |   237 |   207 ||   526

Table legend:
 A = Non-vault XP
 B = Vault XP
 C = Vault XP percentage of total XP
 D = Non-vault monster count
 E = Vault monster count
 F = Vault count percentage of total count
                 A         B        C        D         E       F
            +---------+---------+-------+---------+---------+-------
      Total |    2469 |    1853 |  42.9 |     155 |      11 |   6.6
            +---------+---------+-------+---------+---------+-------
        D:1 |      54 |       0 |   0.0 |      30 |       0 |   0.0
        D:2 |      64 |      60 |  48.4 |      21 |       6 |  22.2
        D:3 |     120 |       0 |   0.0 |      33 |       0 |   0.0
        D:4 |     564 |       0 |   0.0 |      19 |       0 |   0.0
        D:5 |     346 |       0 |   0.0 |      14 |       0 |   0.0
        D:6 |    1178 |     987 |  45.6 |      34 |       3 |   8.1
        D:7 |     143 |     806 |  84.9 |       4 |       2 |  33.3
            +---------+---------+-------+---------+---------+-------
